 Dungeon Crawl Stone Soup version 0.21-a0-49-g7bf2ba4 (webtiles) character file.

18070 Duffy the Cleaver (level 12, -7/97 HPs)
             Began as a Vine Stalker Fighter on June 10, 2017.
             Was a Believer of Uskayaw.
             Mangled by a komodo dragon (17 damage)
             ... on level 3 of the Lair of Beasts.
             The game lasted 00:15:35 (10876 turns).

Duffy the Cleaver (Vine Stalker Fighter)           Turns: 10876, Time: 00:15:36

Health: -7/97      AC: 18    Str: 28    XL:     12   Next: 54%
Magic:  0/19       EV:  6    Int:  8    God:    Uskayaw [**....]
Gold:   989        SH: 12    Dex: 15    Spells: 11/11 levels left

rFire    . . .     SeeInvis .   a - +6 war axe
rCold    . . .     Gourm    .   c - +0 shield
rNeg     . . .     Faith    .   j - +0 plate armour
rPois    +         Spirit   +   (no helmet)
rElec    .         Reflect  .   Y - +1 cloak
rCorr    .         Harm     .   (no gloves)
MR       +....                  K - +2 pair of boots
Stlth    ..........             o - amulet of rage
Regen    1.1/turn               O - ring of poison resistance
MPRegen  0.2/turn               H - +3 ring of slaying

@: berserking, very quick
A: fangs 3, regeneration 2, magic shield, antimagic bite, no potion heal 3, rot
immunity
a: Stomp, Line Pass, Renounce Religion, Evoke Berserk Rage


You were on level 3 of the Lair of Beasts.
You worshipped Uskayaw.
Uskayaw was noncommittal.
You were not hungry.

You visited 4 branches of the dungeon, and saw 15 of its levels.

You collected 989 gold pieces.

Inventory:

Hand Weapons
 a - a +6 war axe (weapon)
 b - a +2 falchion of flaming
Missiles
 P - 4 curare-tipped needles
Armour
 c - a +0 shield (worn)
 j - a +0 plate armour (worn)
 K - a +2 pair of boots (worn)
 Y - a +1 cloak (worn)
Jewellery
 o - an amulet of rage (around neck)
 u - an uncursed ring of positive energy
 G - an uncursed ring of fire
 H - a +3 ring of slaying (right hand)
 O - a ring of poison resistance (left hand)
 V - an uncursed ring of wizardry
Wands
 y - a wand of confusion (28/48)
 D - a wand of confusion (24/48)
 F - a wand of flame (5/48)
 J - a wand of confusion (19/48)
 N - a wand of acid (6/15)
 R - a wand of polymorph (6/24)
 T - a wand of iceblast (8/15)
 Z - a wand of disintegration (8/24)
Scrolls
 g - a scroll of fog {unknown}
 k - 6 scrolls of remove curse
 l - 3 scrolls of immolation
 m - 4 scrolls of teleportation
 t - a scroll of magic mapping {unknown}
 w - a scroll of enchant armour {unknown}
 x - 2 scrolls of enchant weapon
 B - 2 scrolls of fear
 E - 2 scrolls of noise {unknown}
 I - a scroll of recharging {unknown}
 M - a scroll of brand weapon {unknown}
 S - a scroll of amnesia {unknown}
Potions
 d - 9 potions of might
 e - 3 potions of agility {unknown}
 h - 9 potions of curing
 i - 2 potions of flight {unknown}
 n - 2 potions of cancellation {unknown}
 r - 2 potions of degeneration {unknown}
 v - 2 potions of mutation
 z - 3 potions of heal wounds {unknown}
 A - a potion of resistance
 C - 3 potions of haste
 Q - a potion of invisibility
 U - a potion of magic
 W - a potion of lignification
Comestibles
 f - 5 bread rations
 p - 21 fruits
 q - 9 meat rations
 s - 19 royal jellies
 L - 6 chunks of flesh


   Skills:
 + Level 8.5 Fighting
 + Level 10.5 Axes
 + Level 6.2 Armour
 + Level 6.8 Shields
 + Level 6.6 Invocations
 - Level 8.0 Evocations


You had 11 spell levels left.
You didn't know any spells.

Dungeon Overview and Level Annotations

Branches:
Dungeon (10/15)            Temple (1/1) D:6            Lair (3/6) D:9
    Orc (1/2) D:10
  Swamp: Lair:2-4    Shoals: Lair:2-4     Snake: Lair:2-4    Spider: Lair:2-4

Altars:
Ashenzari
Cheibriados
Dithmenos
Elyvilon
Fedhas
Gozag
Hepliaklqana
Kikubaaqudgha
Makhleb
Nemelex Xobeh
Okawaru
Qazlal
Ru
Sif Muna
Trog
Uskayaw
Vehumet
Wu Jian
Xom
Yredelemnul
Zin
The Shining One


Innate Abilities, Weirdness & Mutations

You have razor-sharp teeth.
You heal very quickly.
When hurt, damage is shared between your health and your magic reserves.
Your bite disrupts and absorbs the magic of your enemies.
Potions cannot restore your health.
You are immune to rotting.


Message History

You hit the komodo dragon.
You bite the komodo dragon, but do no damage.
The komodo dragon is heavily wounded.
You completely miss the komodo dragon. The komodo dragon bites you!!
The komodo dragon bites you. The komodo dragon bites you!!
A red film seems to cover your vision as you go berserk!
You feel yourself moving faster!
You feel mighty!
You feel a lot more hungry. You block the komodo dragon's attack.
The komodo dragon bites you but does no damage.
You barely miss the komodo dragon. Your bite misses the komodo dragon.
The komodo dragon is heavily wounded.
Your shield and plate armour prevent you from hitting the komodo dragon.
The komodo dragon bites you.
You slash the komodo dragon! You bite the komodo dragon. You drain its power.
You feel invigorated.
The komodo dragon is severely wounded.
You hit the komodo dragon. The komodo dragon bites you!
The komodo dragon bites you!!
You die...

######## .#..##.# ####
.......# ..... .......#
#####k....#
.......########.@ll#
.......P##.##...#l#......
........##...###..# .%..#
.[.........### ###......#
.........P.# ##.(..#
.......#P#.# . ##
.......##### .>....##
.......#


You could see 3 komodo dragons and a rime drake.

Vanquished Creatures
  2 hydras
  3 two-headed ogres (D:10)
  2 unseen horrors (D:10)
  2 black mambas
  A spiny frog (Lair:3)
  A centaur skeleton (D:10)
  A komodo dragon (Lair:1)
  A queen bee (Lair:2)
  Grinder (D:4)
  Prince Ribbit (D:6)
  2 dream sheep (D:10)
  8 blink frogs (Lair:2)
  A hippogriff (Lair:1)
  Sigmund (D:4)
  12 yaks
  A wyvern (D:10)
  2 basilisks
  Duvessa (D:6)
  4 water moccasins
  3 porcupines
  2 orc warriors
  A swamp drake (Lair:1)
  A sky beast (D:6)
  A necrophage (D:7)
  An eye of draining (D:4)
  3 ice beasts
  A phantom (D:4)
  9 ogres
  5 centaurs
  7 wolves
  3 crocodiles
  4 big kobolds (D:10)
  12 bullfrogs
  Dowan (D:6)
  19 killer bees (Lair:2)
  3 scorpions
  7 wights
  A howler monkey (D:7)
  2 electric eels (Lair:1)
  4 crimson imps
  2 bullfrog zombies (D:10)
  A centaur zombie (D:8)
  2 hounds
  A jelly (D:10)
  2 bullfrog skeletons
  5 orc priests
  12 orc wizards
  2 iguanas
  5 worker ants
  A mummy (D:5)
  2 worker ant zombies
  4 gnolls (D:8)
  11 adders
  A river rat (Lair:1)
  2 shadow imps
  An ooze (D:4)
  2 worms
  3 leopard geckos
  29 orcs
  4 giant cockroaches
  12 goblins
  8 hobgoblins
  9 jackals
  10 kobolds
  3 quokkas
  A ball python (D:3)
  5 bats
  3 frilled lizards (D:3)
  A quokka skeleton (D:8)
  7 rats
  2 fungi (Lair:2)
  A plant (Lair:1)
291 creatures vanquished.

Notes
Turn   | Place    | Note
-------+----------+-------------------------------------------
     0 | D:1      | Duffy the Vine Stalker Fighter began the quest for the Orb.
     0 | D:1      | Reached XP level 1. HP: 11/11 MP: 2/2
    24 | D:1      | Reached skill level 2 in Axes
    71 | D:1      | Reached XP level 2. HP: 14/16 MP: 3/3
   171 | D:1      | You fall through a shaft!
   397 | D:1      | Reached skill level 1 in Evocations
   454 | D:1      | Reached XP level 3. HP: 19/19 MP: 4/4
   980 | D:2      | Reached skill level 3 in Axes
  1173 | D:2      | Gained mutation: Your natural rate of healing is unusually fast. [Vine Stalker growth]
  1173 | D:2      | Reached XP level 4. HP: 10/23 MP: 6/6
  2187 | D:4      | Noticed Grinder
  2191 | D:4      | Paralysed by Grinder for 2 turns
  2228 | D:4      | Reached XP level 5. HP: 27/27 MP: 7/7
  2286 | D:4      | Reached skill level 4 in Axes
  2445 | D:4      | Noticed an eye of draining
  2495 | D:4      | Reached XP level 6. HP: 32/32 MP: 9/9
  2569 | D:4      | Killed an eye of draining
  2681 | D:4      | Reached skill level 5 in Axes
  2681 | D:4      | Reached XP level 7. HP: 35/35 MP: 8/11
  2865 | D:4      | Noticed Sigmund
  2967 | D:4      | Killed Sigmund
  2967 | D:4      | Reached skill level 6 in Axes
  3052 | D:4      | Killed Grinder
  3052 | D:4      | Reached skill level 7 in Axes
  3052 | D:4      | Gained mutation: You have razor-sharp teeth. [Vine Stalker growth]
  3052 | D:4      | Reached XP level 8. HP: 39/39 MP: 12/12
  3308 | D:5      | Entered Level 5 of the Dungeon
  3537 | D:4      | Reached skill level 8 in Axes
  3611 | D:5      | Reached skill level 5 in Evocations
  4019 | D:5      | Found a snail-covered altar of Cheibriados.
  4118 | D:5      | Reached XP level 9. HP: 39/43 MP: 8/14
  4484 | D:6      | Noticed Dowan
  4502 | D:6      | Noticed Duvessa
  4511 | D:6      | Killed Dowan
  4527 | D:6      | Killed Duvessa
  4781 | D:6      | Noticed Prince Ribbit
  4785 | D:6      | Killed Prince Ribbit
  4791 | D:6      | Found a staircase to the Ecumenical Temple.
  4800 | Temple   | Entered the Ecumenical Temple
  5115 | D:7      | Reached skill level 5 in Fighting
  5298 | D:7      | Found an ancient bone altar of Kikubaaqudgha.
  5378 | D:7      | Found a hide-covered altar of Uskayaw.
  5381 | D:7      | Became a worshipper of Uskayaw the Reveler
  5460 | D:7      | Reached * piety under Uskayaw
  5510 | D:7      | Reached ** piety under Uskayaw
  6171 | D:8      | Reached *** piety under Uskayaw
  6172 | D:8      | Reached XP level 10. HP: 35/51 MP: 17/17
  6177 | D:8      | Reached **** piety under Uskayaw
  6178 | D:8      | Reached ***** piety under Uskayaw
  6263 | D:8      | Found a hazy altar of Hepliaklqana.
  6902 | D:9      | Reached skill level 1 in Invocations
  7124 | D:9      | Found a staircase to the Lair.
  7428 | D:10     | Entered Level 10 of the Dungeon
  7442 | D:10     | Found a staircase to the Orcish Mines.
  7530 | D:10     | Noticed a two-headed hydra
  7742 | D:10     | Reached skill level 9 in Axes
  7868 | D:10     | Killed a one-headed hydra
  7994 | D:10     | Noticed a two-headed ogre
  8004 | D:10     | Killed a two-headed ogre
  8004 | D:10     | Reached skill level 5 in Shields
  8004 | D:10     | Reached XP level 11. HP: 55/58 MP: 18/18
  8058 | D:10     | Noticed a two-headed ogre
  8066 | D:10     | Killed a two-headed ogre
  8163 | D:10     | Killed an unseen horror
  8264 | D:10     | Killed an unseen horror
  8417 | D:10     | Noticed a two-headed ogre
  8423 | D:10     | Killed a two-headed ogre
  8538 | Lair:1   | Entered Level 1 of the Lair of Beasts
  8614 | Lair:1   | Reached skill level 5 in Armour
  8971 | Lair:1   | Reached skill level 5 in Invocations
  9547 | Orc:1    | Entered Level 1 of the Orcish Mines
  9902 | Lair:2   | Reached skill level 10 in Axes
  9918 | Lair:2   | Gained mutation: You heal very quickly. [Vine Stalker growth]
  9918 | Lair:2   | Reached XP level 12. HP: 61/64 MP: 19/19
 10027 | Lair:2   | Noticed a seven-headed hydra
 10058 | Lair:1   | Killed a four-headed hydra
 10232 | Lair:2   | Reached ****** piety under Uskayaw
 10876 | Lair:3   | Mangled by a komodo dragon

Vault maps used:
D:1:      roderic_chinese_lattice_arrival
D:2:      first_bread
D:3:      st_stairs_11
D:4:      uniq_sigmund, uniq_grinder
D:5:      slow_altar_2
D:6:      minmay_temple_entry_poolview, uniq_prince_ribbit1, uniq_duvessa
D:7:      kennysheep_mini_moat, kennysheep_mini
D:8:      lemuel_round_altar
D:9:      lair_entry_dummy
D:10:     hangedman_ranch, kennysheep_cross_room
Temple:   dpeg_five_rooms_temple
Lair:1:   pond
Lair:2:   special_room
Lair:3:   shoals_dummy_entry, minmay_snake_entry_guardpost_medium, special_room,
          beast_lair_carwin_2, grunt_megastairs_3, infiniplex_staircase_pool,
          lemuel_fruit_tree
Orc:1:    uniq_gastronok

Skill      XL: |  1  2  3  4  5  6  7  8  9 10 11 12 |
---------------+-------------------------------------+-----
Axes           | 2 3 4 5 7 8 9 10 | 10.5
Evocations     | 1 2 3 4 6 8 |  8.0
Fighting       | 5 6 7 8 |  8.5
Shields        | 3 5 6 |  6.8
Armour         | 4 5 6 |  6.2
Invocations    | 3 5 6 |  6.6

Action                   |  1- 3 |  4- 6 |  7- 9 | 10-12 || total
-------------------------+-------+-------+-------+-------++-------
Melee: War axe           |   107 |    90 |   193 |   300 ||   690
       Bite              |    25 |    24 |    68 |   109 ||   226
       Falchion          |       |       |       |     6 ||     6
 Abil: Evoke Berserk Rag |     1 |     3 |    11 |     8 ||    23
Evoke: Wand              |       |       |     1 |       ||     1
  Use: Scroll            |       |       |       |    13 ||    13
 Stab: Paralysed         |       |       |     1 |    50 ||    51
  Eat: Chunk             |     1 |     7 |    19 |    22 ||    49
       Bread ration      |       |       |     1 |       ||     1
Armor: Scale mail        |    60 |    32 |    49 |    64 ||   205
       Plate armour      |       |       |       |    90 ||    90
Dodge: Dodged            |    42 |    20 |    38 |    81 ||   181
Block: Shield            |    60 |    35 |    78 |   171 ||   344
